 Dungeon Sprint DCSS version 0.31-a0-986-g5e6e4ef867 (webtiles) character file.

Game seed: 14604903424432719201

2308 Danienth the Brawler (level 9, -13/102 HPs)
             Began as a Troll Fighter on Nov 7, 2023.
             Was a Believer of Wu Jian.
             Mangled by a demonic crawler (15 damage)
             ... in the Dungeon (Sprint I: "Red Sonja").
             The game lasted 00:04:16 (477 turns).

Danienth the Brawler (Troll Fighter)                 Turns: 477, Time: 00:04:17

Health: -13/102    AC:  7    Str: 26    XL:     9   Next: 18%
Magic:  8/8        EV: 10    Int:  6    God:    Wu Jian [**....]
Gold:   458        SH:  9    Dex: 17    Spells: 8/8 levels left

rFire   . .          .
                       - Unarmed
rCold   . . .        b - +0 kite shield
rNeg    . . .        a - +0 robe
rPois   .            (helmet restricted)
rElec   .            n - +2 cloak
rCorr   .            (gloves unavailable)
SInv    .            (boots unavailable)
Will    .....        (no amulet)
Stlth   ++           k - +6 ring of dexterity
HPRegen 1.17/turn    (no ring)
MPRegen 0.11/turn

%: no teleportation
@: no status effects
A: large, unfitting armour, claws 3, regeneration 1, shaggy fur 1, tough skin 1
a: Renounce Religion, Wall Jump


You were in the Dungeon.
You worshipped Wu Jian.
Wu Jian was pleased with you.
You visited 1 branch You collected 854 gold pieces.
You spent 396 gold pieces at shops.

Inventory:

Hand Weapons
 c - a +1 spectral club
 l - a +2 short sword of distortion
Missiles
 m - 2 curare-tipped darts
Armour
 a - a +0 robe (worn)
 b - a +0 kite shield (worn)
 n - a +2 cloak (worn)
Jewellery
 k - a +6 ring of dexterity (left claw)
Wands
 f - a wand of mindburst (4)
 j - a wand of charming (9)
Scrolls
 i - a scroll of blinking
 o - 2 scrolls of poison {unknown}
Potions
 d - 3 potions of curing
 e - a potion of heal wounds
 g - 2 potions of magic
 h - a potion of berserk rage
 p - a potion of attraction {unknown}


   Skills:
 + Level 10.6 Fighting
 - Level 3.5 Dodging
 + Level 0.2 Stealth
 - Level 3.8 Shields
 * Level 16.4 Unarmed Combat


You had 8 spell levels left.
You didn't know any spells.
Your spell library was empty.

Dungeon Overview and Level Annotations

Branches:
Dungeon (1/1)

Altars:
Cheibriados
Dithmenos
Elyvilon
Fedhas
Gozag
Hepliaklqana
Kikubaaqudgha
Makhleb
Nemelex Xobeh
Okawaru
Qazlal
Ru
Sif Muna
Trog
Uskayaw
Vehumet
Wu Jian
Xom
Yredelemnul
Zin
The Shining One
Jiyva
Lugonu

Shops:
D [=[


Innate Abilities, Weirdness & Mutations

You are too large for most types of armour.
You have claws for hands.
Your natural rate of healing is unusually fast.
You are covered in fur. (AC +1)
You have tough skin. (AC +1)


Message History

You open the door. 4 demonic crawlers come into view.
The demonic crawler gives a hideous shriek! x3
You claw the demonic crawler!
The demonic crawler is lightly wounded.
The demonic crawler hits you! x2; You block the demonic crawler's attack.
You scratch the demonic crawler but do no damage.
The demonic crawler is lightly wounded.
The demonic crawler hits you. The demonic crawler hits you!
You block the demonic crawler's attack. x3; The demonic crawler hits you.
You scratch the demonic crawler.
The demonic crawler is lightly wounded.
The demonic crawler hits you! You block the demonic crawler's attack.
The demonic crawler hits you!
* * * LOW HITPOINT WARNING * * *
You block the demonic crawler's attack. The demonic crawler closely misses you.
You block the demonic crawler's attack.
You are too injured to fight recklessly!
You are too injured to fight recklessly!
You are too injured to fight recklessly!
You are too injured to fight recklessly!
Attack: -) Claws
Press: ? - help, Dir - move target, f - demonic crawler
Aim: a demonic crawler (about 17% to evade your claws)
You scratch the demonic crawler.
The demonic crawler is lightly wounded.
The demonic crawler hits you.
* * * LOW HITPOINT WARNING * * *
You block the demonic crawler's attack. x2; The demonic crawler hits you!
* * * LOW HITPOINT WARNING * * *
The demonic crawler closely misses you. x2
Attack: -) Claws
Press: ? - help, Dir - move target, f/p - demonic crawler
Aim: a demonic crawler (about 17% to evade your claws)
You mangle the demonic crawler!!
The demonic crawler is heavily wounded.
The demonic crawler closely misses you. The demonic crawler hits you!
* * * LOW HITPOINT WARNING * * *
The demonic crawler hits you!
You die...

##################
.#..'..#__#..)...#
.').#..'..'.)#..s##+#
'#####'#__####..@ss.#
.#...#.####!!#####s.+
##..##.#§§~.c# ##
_##'#_.+§§§§
..'..._#§§~.c#
_##_.#'##+####
_###÷#.#..(.###
####.####'###.##
..'...'.†...'[∩#


You could see 4 demonic crawlers.

Vanquished Creatures
  Sonja (D)
  A deep troll (D)
  2 kobold demonologists (D)
  A glass eye (D)
  A slime creature (D)
  Sigmund (D)
  A yak (D)
  An ogre (D)
  A jelly (D)
  Ijyb (D)
  A ballistomycete spore (D)
12 creatures vanquished.

Vanquished Creatures (others)
  A ballistomycete spore (D)
1 creature vanquished.

Grand Total: 13 creatures vanquished

Notes
Turn   | Place    | Note
-------+----------+-------------------------------------------
     0 | D        | Danienth the Troll Fighter began the quest for the Orb.
     0 | D        | Reached XP level 1. HP: 22/22 MP: 0/0
     1 | D        | Noticed Ijyb
     6 | D        | Killed Ijyb
     7 | D        | Reached XP level 2. HP: 31/31 MP: 1/1
    10 | D        | Noticed an ogre
    14 | D        | Killed an ogre
    15 | D        | Reached skill level 5 in Fighting
    15 | D        | Reached skill level 5 in Unarmed Combat
    15 | D        | Reached XP level 3. HP: 42/42 MP: 2/2
    15 | D        | Reached XP level 4. HP: 50/50 MP: 3/3
    29 | D        | Noticed Sigmund
    40 | D        | Killed Sigmund
    41 | D        | Reached skill level 8 in Unarmed Combat
    41 | D        | Reached XP level 5. HP: 22/62 MP: 4/4
    98 | D        | Found an ornate altar of the Wu Jian Council.
    98 | D        | Found a shimmering blue altar of Sif Muna.
   100 | D        | Found a radiant altar of Vehumet.
   106 | D        | Reached XP level 6. HP: 57/71 MP: 5/5
   110 | D        | Became a worshipper of the Wu Jian Council
   123 | D        | Found a burning altar of Makhleb.
   123 | D        | Found a viscous altar of Jiyva.
   123 | D        | Found a shimmering altar of Xom.
   123 | D        | Found a corrupted altar of Lugonu.
   123 | D        | Noticed a slime creature
   126 | D        | Killed a slime creature
   127 | D        | Reached skill level 10 in Unarmed Combat
   140 | D        | Noticed a kobold demonologist
   140 | D        | Noticed a glass eye
   140 | D        | Noticed a kobold demonologist
   145 | D        | Killed a glass eye
   146 | D        | Reached skill level 11 in Unarmed Combat
   146 | D        | Reached XP level 7. HP: 75/81 MP: 6/6
   149 | D        | Noticed a sixfirhy
   149 | D        | Killed a kobold demonologist
   149 | D        | Reached * piety under Wu Jian
   150 | D        | Reached skill level 12 in Unarmed Combat
   156 | D        | Killed a kobold demonologist
   157 | D        | Reached skill level 13 in Unarmed Combat
   157 | D        | Reached XP level 8. HP: 91/92 MP: 7/7
   185 | D        | Found Poewunus's Jewellery Emporium.
   185 | D        | Found an ancient bone altar of Kikubaaqudgha.
   185 | D        | Found a hazy altar of Hepliaklqana.
   185 | D        | Found a hide-covered altar of Uskayaw.
   185 | D        | Found a basalt altar of Yredelemnul.
   185 | D        | Found an opulent altar of Gozag.
   185 | D        | Found a snail-covered altar of Cheibriados.
   185 | D        | Found a sacrificial altar of Ru.
   185 | D        | Found a shadowy altar of Dithmenos.
   189 | D        | Reached skill level 14 in Unarmed Combat
   189 | D        | Found a stormy altar of Qazlal.
   189 | D        | Found a blossoming altar of Fedhas.
   189 | D        | Found a bloodstained altar of Trog.
   189 | D        | Found an iron altar of Okawaru.
   189 | D        | Found a glowing golden altar of the Shining One.
   189 | D        | Found a glowing silver altar of Zin.
   189 | D        | Found a white marble altar of Elyvilon.
   190 | D        | Found a sparkling altar of Nemelex Xobeh.
   194 | D        | Bought a +6 ring of dexterity for 396 gold pieces
   205 | D        | Noticed Sonja
   219 | D        | Killed Sonja
   219 | D        | Reached ** piety under Wu Jian
   220 | D        | Reached skill level 10 in Fighting
   220 | D        | Reached skill level 15 in Unarmed Combat
   346 | D        | Noticed a deep troll
   349 | D        | Killed a deep troll
   350 | D        | Reached skill level 16 in Unarmed Combat
   350 | D        | Reached XP level 9. HP: 77/102 MP: 8/8
   379 | D        | Found Xoin's Armour Emporium.
   402 | D        | Noticed a centaur warrior
   431 | D        | Found Wiwiuhud's Antique Armour Boutique.
   441 | D        | Noticed a shining eye
   441 | D        | Noticed a shining eye
   441 | D        | Noticed a shining eye
   441 | D        | Noticed a shining eye
   441 | D        | Noticed a shining eye
   441 | D        | Noticed a shining eye
   456 | D        | Noticed a centaur warrior
   472 | D        | Noticed a demonic crawler
   472 | D        | Noticed a demonic crawler
   472 | D        | Noticed a demonic crawler
   472 | D        | Noticed a demonic crawler
   477 | D        | HP: 2/102 [demonic crawler (12)]
   477 | D        | Mangled by a demonic crawler

Illustrated notes

Levels and vault maps discovered:
D:        dungeon_sprint_1 [red_sonja_temple_1, red_sonja_temple_small_1]

Skill      XL: |  1  2  3  4  5  6  7  8 |
---------------+-------------------------+-----
Fighting       | 3 5 7 8 9 10 | 10.6
Dodging        | 3 |  3.5
Shields        | 3 |  3.8
Unarmed Combat | 5 8 11 13 16 | 16.4
Stealth        | |  0.2

Action                     |  1- 3 |  4- 6 |  7- 9 || total
---------------------------+-------+-------+-------++-------
  Melee: Unarmed           |     6 |    23 |    26 ||    55
Ability: Lunge             |       |     2 |     4 ||     6
    Use: Potion            |     2 |       |       ||     2
   Stab: Sleeping          |       |       |     1 ||     1
 Armour: Robe              |       |     9 |    29 ||    38
  Dodge: Dodged            |     2 |     2 |     6 ||    10
  Block: Kite shield       |     1 |     4 |    16 ||    21

Table legend: (Time is in decaauts)
 A = Elapsed time spent in this place.
 B = Non-inter-level travel time spent in this place.
 C = Inter-level travel time spent in this place.
 D = Time resting spent in this place.
 E = Time spent auto-exploring this place.
 F = Levels seen in this place.
 G = Mean time per level.
                   A        B        C        D        E       F      G
               +--------+--------+--------+--------+--------+-----+--------+
         Total |    467 |    388 |     79 |    110 |    154 |   1 |  467.0 |
       Dungeon |    467 |    388 |     79 |    110 |    154 |   1 |  467.0 |
               +--------+--------+--------+--------+--------+-----+--------+

Top non-repeatable levels by time:
       D: 467 daAuts
